 Dungeon Crawl Stone Soup version 0.31-a0-145-g046c7d2549 (webtiles) character file.

Game seed: 8226850181971309687

2431 hikkokomori the Digger (level 9, 0/73 (74) HPs)
             Began as a Demigod Earth Elementalist on June 5, 2023.
             Slain by an orc warrior
             ... wielding a +0 long sword
              (13 damage)
             ... on level 8 of the Dungeon.
             The game lasted 00:13:10 (6607 turns).

hikkokomori the Digger (Demigod Earth Elementalist) Turns: 6607, Time: 00:13:11

HP:   0/73 (74)     AC:  4    Str:  9    XL:     9   Next: 4%
MP:   16/18         EV: 14    Int: 25    God:
Gold: 324           SH:  0    Dex: 18    Spells: 9/15 levels left

rFire   + . .        s - +1 orcbow
rCold   . . .        (shield currently unavailable)
rNeg    . . .        a - +0 robe
rPois   +            (no helmet)
rElec   .            (no cloak)
rCorr   .            r - +1 pair of gloves
SInv    .            (no boots)
Will    .....        (no amulet)
Stlth   +++          m - ring of protection from fire
HPRegen 0.32/turn    g - ring of poison resistance
MPRegen 0.16/turn

%: no passive effects
@: lightly drained
A: high MP 1, forlorn, divine attributes
a: no special abilities


You were on level 8 of the Dungeon.
You visited 1 branch of the dungeon, and saw 8 of its levels.

You collected 324 gold pieces.

Inventory:

Hand Weapons
 s - a +1 orcbow (weapon)
Armour
 a - a +0 robe (worn)
 r - a +1 pair of gloves (worn)
 t - a +0 plate armour
 w - a +0 kite shield
Jewellery
 g - a ring of poison resistance (right hand)
 i - an amulet of reflection
 m - a ring of protection from fire (left hand)
Wands
 q - a wand of polymorph (9)
Scrolls
 c - a scroll of teleportation
 d - a scroll of poison
 f - a scroll of blinking
 h - a scroll of amnesia
 l - 2 scrolls of fog
 n - a scroll of identify
Potions
 b - 3 potions of magic
 e - a potion of ambrosia {unknown}
 j - 3 potions of curing
 k - 3 potions of might
 o - a potion of berserk rage
 p - 3 potions of brilliance
 u - a potion of cancellation
 v - 2 potions of degeneration {unknown}
 z - a potion of lignification {unknown}


   Skills:
 + Level 5.4 Fighting
 + Level 1.4 Ranged Weapons
 - Level 4.4 Dodging
 + Level 4.7 Stealth
 + Level 3.9 Spellcasting
 + Level 3.7 Conjurations
 - Level 0.8 Transmutations
 + Level 6.0 Earth Magic


You had 9 spell levels left.
You knew the following spells:

 Your Spells              Type           Power      Damage    Failure   Level
a - Sandblast             Erth           70%        2d15      1%          1
b - Stone Arrow           Conj/Erth      58%        3d10      3%          3
c - Passwall              Tmut/Erth      18%        N/A       3%          2

Your spell library contained the following spells:

 Spells                   Type           Power      Damage    Failure   Level
 Apportation              Tloc           8%         N/A       10%         1
 Necrotise                Necr           16%        1d4       10%         1
 Summon Small Mammal      Summ           16%        N/A       10%         1
 Petrify                  Tmut/Erth      22%        N/A       22%         4


Dungeon Overview and Level Annotations

Branches:
Dungeon (8/15)
 Temple: D:4-7         Lair: D:8-11


Innate Abilities, Weirdness & Mutations

You have an increased reservoir of magic. (+10% MP)
You shall have no god before yourself.
Your divine heritage dramatically boosts your attributes as you level up.


Message History

The blast of sand hits the wight!
The wight is almost destroyed.
The wight barely misses you. The orc misses you.
The wight hits you with a +0 falchion.
You feel drained. The orc barely misses you.
Unknown command.
Casting: Sandblast (safe; 1% risk of failure)
Confirm with . or Enter, or press ? or * to list all spells.
Aiming: Sandblast (safe; 1% risk of failure)
Press: ? - help, Shift-Dir - straight line, f - you, p - wight That would be overly suicidal.
Okay, then.
Unknown command.
Casting: Sandblast (safe; 1% risk of failure)
Confirm with . or Enter, or press ? or * to list all spells.
Aiming: Sandblast (safe; 1% risk of failure)
Press: ? - help, Shift-Dir - straight line, f - orc
Aim: an orc, wielding a +0 flail (84% to hit)
The blast of sand hits the orc!!
You kill the orc!
The wight misses you.
A wight comes into view. It is wielding a +1 mace.
Unknown command.
You shoot an arrow. The arrow barely misses the wight.
The arrow hits the orc warrior.
The orc warrior is lightly wounded.
The wight hits you with a +0 falchion. The wight hits you with a +0 falchion!
You shoot an arrow. The arrow closely misses the wight.
The arrow closely misses the orc warrior.
The arrow hits the wight!
The wight is heavily damaged.
The wight hits you with a +0 falchion!
You shoot an arrow. The arrow hits the wight.
You destroy the wight!
The orc warrior shoots an arrow.
The arrow hits you!
The orc warrior shoots an arrow.
The arrow hits you!
* * * LOW HITPOINT WARNING * * *
The orc warrior unwields a +0 orcbow.
The orc warrior wields a +0 long sword.
The orc warrior hits you with a +0 long sword!
You die...

### ### #.. ..# #.# #.#
##.# #.####### . ..#
#........ #..z######.#
#.######.
....zzo@.).#####.# ##..
#.).######.......####...
# ####...........
#.#######...
#######.########..
.......#..........
#######.#########.
#........ .<
############


You could see an orc warrior and 3 wights.

Vanquished Creatures
  Grinder (D:6)
  A yak (D:4)
  Edmund (D:6)
  2 water moccasins
  Duvessa (D:6)
  A black bear (D:5)
  An ice beast (D:5)
  A sky beast (D:6)
  An ogre (D:4)
  2 phantoms (D:5)
  A bullfrog (D:7)
  A gnoll sergeant (D:5)
  2 scorpions
  A wight (D:8)
  Dowan (D:6)
  3 jellies
  A hound (D:5)
  An orc priest (D:5)
  A gnoll bouda (D:7)
  A sleepcap (D:6)
  2 iguanas (D:5)
  4 orc wizards
  20 gnolls
  7 adders
  A shadow imp (D:5)
  A white imp (D:7)
  2 ufetubi (D:5)
  A worm (D:2)
  4 dart slugs
  27 orcs
  A bat (D:3)
  6 endoplasms
  2 giant cockroaches
  4 goblins
  10 hobgoblins
  8 jackals
  6 quokkas
  6 frilled lizards
  6 kobolds
  4 rats
147 creatures vanquished.

Notes
Turn   | Place    | Note
-------+----------+-------------------------------------------
     0 | D:1      | hikkokomori the Demigod Earth Elementalist began the quest
                  | for the Orb.
     0 | D:1      | Reached XP level 1. HP: 14/14 MP: 5/5
   198 | D:1      | Reached XP level 2. HP: 22/22 MP: 5/7
   284 | D:1      | Reached skill level 1 in Fighting
   456 | D:1      | Reached skill level 3 in Earth Magic
  1017 | D:2      | Reached XP level 3. HP: 25/28 MP: 1/8
  1596 | D:3      | Noticed a water moccasin
  1600 | D:3      | Killed a water moccasin
  1601 | D:3      | Reached XP level 4. HP: 28/37 MP: 4/9
  1672 | D:3      | Reached XP level 5. HP: 42/42 MP: 8/10
  2292 | D:3      | Reached skill level 4 in Earth Magic
  2595 | D:4      | Reached XP level 6. HP: 40/51 MP: 5/11
  2835 | D:4      | Noticed a yak
  2836 | D:4      | Noticed a yak
  2836 | D:4      | Noticed a yak
  2839 | D:4      | Noticed a yak
  2849 | D:4      | Killed a yak
  2850 | D:4      | Noticed a yak
  2855 | D:4      | HP: 1/51 [yak (9)]
  3040 | D:3      | Learned a level 3 spell: Stone Arrow
  3043 | D:3      | Learned a level 2 spell: Passwall
  3319 | D:4      | Reached XP level 7. HP: 28/58 MP: 8/13
  3363 | D:4      | Reached skill level 1 in Conjurations
  3439 | D:4      | Noticed a yak
  3454 | D:5      | Entered Level 5 of the Dungeon
  3695 | D:5      | Reached skill level 5 in Earth Magic
  4062 | D:5      | Reached XP level 8. HP: 67/67 MP: 10/15
  4385 | D:6      | Noticed Grinder
  4388 | D:6      | Noticed Duvessa
  4399 | D:6      | Paralysed by something for 5 turns
  4400 | D:6      | Noticed Dowan
  5262 | D:6      | Noticed Edmund
  5275 | D:6      | Killed Edmund
  5276 | D:6      | Reached skill level 5 in Fighting
  5281 | D:6      | Killed Duvessa
  5347 | D:6      | Killed Dowan
  5576 | D:6      | Killed Grinder
  5577 | D:6      | Reached skill level 1 in Ranged Weapons
  6162 | D:7      | Reached skill level 6 in Earth Magic
  6162 | D:7      | Reached XP level 9. HP: 61/72 MP: 12/18
  6607 | D:8      | Slain by an orc warrior

Illustrated notes

Levels and vault maps discovered:
D:1:      minmay_arrival_four_circles, layout_rooms,
          hellmonk_ecumenical_altar_crossroads, grunt_decor_junction
D:2:      layout_basic
D:3:      layout_basic, mainiacjoe_overflow_alcove_4
D:4:      layout_basic, minmay_temple_entry_ruins
D:5:      layout_rooms, lightli_temple_of_fire
D:6:      layout_basic, uniq_grinder, uniq_edmund, uniq_duvessa
D:7:      layout_basic, nicolae_qazlal_style_of_elements
D:8:      layout_loops_ring, gup_ossuary_entry_pyramid

Skill      XL: |  1  2  3  4  5  6  7  8 |
---------------+-------------------------+-----
Stealth        | 2 3 4 |  4.7
Fighting       | 1 2 3 4 5 |  5.4
Earth Magic    | 3 4 5 6 |  6.0
Dodging        | 2 3 4 |  4.4
Spellcasting   | 2 3 |  3.9
Conjurations   | 2 3 |  3.7
Ranged Weapons | 1 |  1.4
Transmutations | |  0.8

Action                     |  1- 3 |  4- 6 |  7- 9 || total
---------------------------+-------+-------+-------++-------
  Melee: Unarmed           |     1 |       |       ||     1
   Fire: Orcbow            |       |    60 |   116 ||   176
   Cast: Sandblast         |    61 |    57 |   100 ||   218
         Stone Arrow       |       |       |    16 ||    16
    Use: Potion            |       |     1 |     4 ||     5
         Scroll            |       |     7 |     6 ||    13
 Armour: Robe              |     6 |    10 |    35 ||    51
  Dodge: Dodged            |    19 |    25 |   143 ||   187

Table legend: (Time is in decaauts)
 A = Elapsed time spent in this place.
 B = Non-inter-level travel time spent in this place.
 C = Inter-level travel time spent in this place.
 D = Time resting spent in this place.
 E = Time spent auto-exploring this place.
 F = Levels seen in this place.
 G = Mean time per level.
                   A        B        C        D        E       F      G
               +--------+--------+--------+--------+--------+-----+--------+
         Total |   6807 |   6560 |    247 |    539 |   4916 |   8 |  850.9 |
       Dungeon |   6807 |   6560 |    247 |    539 |   4916 |   8 |  850.9 |
               +--------+--------+--------+--------+--------+-----+--------+

Top non-repeatable levels by time:
     D:6: 1294 daAuts
     D:5: 1161 daAuts
     D:3: 1100 daAuts
     D:2: 838 daAuts
     D:4: 823 daAuts
     D:1: 784 daAuts
     D:7: 723 daAuts
     D:8: 81 daAuts
